Map: Orbital Shipyard

Players

Mihai - Winner!

  • Race: Terran Terran
  • League: Master

jimmymicro

  • Race: Zerg Zerg
  • League: Diamond

VOD

Have the link to the VOD?

Description

Time

  • Played on: Dec. 12, 2015, 2:26 p.m.
  • Length: 6:35
Show
View Real Time Build Order
Export as new Build Order

Mihai Terran - Winner!

Build Orders:  

Get SALT Encoding   

  12  0:01  SCV  
  13  0:13  SCV  
  14  0:18  Supply Depot  
  14  0:25  SCV  
  15  0:40  SCV  
  15  0:41  Barracks  
  16  0:45  Refinery  
  16  0:52  SCV  
  18  1:04  SCV  
  18  1:16  SCV  
  19  1:30  Reaper, Orbital Command  
  20  1:35  Supply Depot  
  20  1:42  Refinery  
  20  1:43  Barracks  
  20  1:59  SCV  
  21  2:05  Barracks Reactor  
  21  2:11  SCV  
  22  2:15  Supply Depot  
  22  2:18  Factory  
  22  2:23  SCV  
  23  2:33  Barracks Reactor  
  23  2:40  SCV  
  23  2:42  Marine x2  
  26  2:58  Supply Depot  
  26  3:00  Marine x2  
  26  3:04  Factory Tech Lab  
  28  3:07  Starport  
  28  3:09  Marine x2  
  30  3:17  Supply Depot  
  30  3:18  Marine x2  
  32  3:25  Siege Tank  
  35  3:27  Marine x2  
  35  3:31  Supply Depot  
  37  3:36  Marine x2  
  39  3:45  Medivac, Marine  
  42  3:49  Marine  
  42  3:54  Marine x2  
  45  3:59  Siege Tank  
  48  4:03  Marine  
  48  4:09  Marine  
  50  4:13  Marine  
  50  4:14  Marine  
  50  4:15  Medivac  
  53  4:21  Supply Depot  
  53  4:22  Marine  
  54  4:27  Marine  
  55  4:37  Marine x2  
  57  4:40  Siege Tank  
  57  4:42  Marine  
  61  4:51  Marine  
  62  4:54  Medivac  
  62  4:57  Marine  
  62  4:58  Marine  
  66  5:00  Marine  
  67  5:23  Marine  
  68  5:29  Marine  
  68  5:33  Marine x2  
  70  5:38  Siege Tank  
  70  5:40  Marine  
  68  5:49  Marine  
  69  5:51  Marine  
  69  5:53  Marine  
  71  6:16  Marine  
Show
View Real Time Build Order
Export as new Build Order

jimmymicro Zerg 

Build Orders: Hatch First 

Get SALT Encoding   

  12  0:01  Drone  
  13  0:10  Drone  
  14  0:17  Overlord  
  14  0:27  Extractor  
  14  0:28  Drone  
  15  0:37  Drone x2  
  17  0:46  Drone  
  18  0:57  Hatchery  
  17  1:08  Extractor  
  16  1:12  Drone x2  
  18  1:20  Spawning Pool  
  18  1:23  Drone  
  18  1:37  Drone  
  20  1:40  Drone  
  20  1:49  Overlord  
  20  1:59  Drone  
  21  2:07  Hatchery  
  20  2:12  Queen  
  22  2:25  Metabolic Boost  
  22  2:29  Queen  
  23  2:38  Zergling x2  
  23  2:39  Drone  
  23  2:42  Drone  
  25  2:56  Queen  
  27  2:59  Drone  
  28  3:12  Queen  
  28  3:14  Drone  
  28  3:15  Drone  
  32  3:29  Drone x4  
  32  3:30  Overlord  
  36  3:36  Drone x2  
  38  3:42  Drone  
  38  3:43  Drone  
  40  3:57  Drone x5  
  40  3:58  Roach Warren, Extractor  
  43  4:04  Extractor  
  42  4:21  Drone  
  42  4:22  Drone x2  
  45  4:33  Drone x3  
  48  4:48  Spine Crawler  
  48  4:50  Spore Crawler, Roach  
  48  4:51  Roach  
  49  4:53  Overlord x3  
  49  4:59  Roach, Extractor x2  
  51  5:12  Roach x6  
  51  5:13  Roach x2  
  69  5:27  Overlord x3  
  55  5:44  Roach x3  
  55  5:47  Ravager x4  
  56  6:02  Roach x3  
  56  6:03  Roach x4  
  72  6:11  Ravager  
  72  6:13  Extractor  
Tags
 
Add a new tag
Caveats
  • Supply blocks, unpowered buildings, or Contaminate may cause inaccurate times.
  • Supply counts are checked every 10 seconds.